 Dungeon Crawl Stone Soup version 0.30.0-19-g36f170ea60 (webtiles) character file.

Game seed: 16094803581787969903

1454 wingedge the Firebug (level 8, -14/66 HPs)
             Began as a Demigod Wanderer on May 28, 2023.
             Killed themself with a badly aimed concussive blast (21 damage)
             ... on level 6 of the Dungeon.
             The game lasted 00:18:05 (6766 turns).

wingedge the Firebug (Demigod Wanderer)             Turns: 6766, Time: 00:18:05

Health: -14/66     AC: 10    Str: 14    XL:     8   Next: 23%
Magic:  6/16       EV:  9    Int: 27    God:
Gold:   330        SH:  6    Dex: 16    Spells: 10/14 levels left

rFire   . . .        O - +2 falchion (heavy)
rCold   . . .        c - +2 buckler
rNeg    . . .        F - +4 ring mail of Surprise {Str+3}
rPois   .            u - +0 helmet
rElec   .            (no cloak)
rCorr   .            (no gloves)
SInv    .            (no boots)
Will    +....        (no amulet)
Stlth   +            P - +6 ring of intelligence
HPRegen 0.31/turn    S - ring of willpower
MPRegen 0.15/turn

%: no passive effects
@: no status effects
A: high MP 1, forlorn, divine attributes
a: no special abilities


You were on level 6 of the Dungeon.
You visited 2 branches of the dungeon, and saw 7 of its levels.

You collected 330 gold pieces.

Inventory:

Hand Weapons
 s - a +2 whip of draining
 B - a +2 short sword of freezing
 N - a +1 war axe of freezing
 O - a +2 heavy falchion (weapon)
Missiles
 b - 7 poisoned darts (quivered)
 K - 2 throwing nets
Armour
 c - a +2 buckler (worn)
 e - a +0 robe
 h - a +0 ring mail
 u - a +0 helmet (worn)
 z - the +6 scale mail "Siekam" {rPois rCorr Str+3 Dex-5}
   (You found it on level 3 of the Dungeon)

   Str:       It affects your strength (+3).
   Dex:       It affects your dexterity (-5).
   rPois:     It protects you from poison.
   rCorr:     It protects you from acid and corrosion.
 F - the +4 ring mail of Surprise (worn) {Str+3}
   (You took it off a gnoll on level 4 of the Dungeon)

   Str:       It affects your strength (+3).
 Q - an orb of light
Jewellery
 H - a ring of resist corrosion
 P - a +6 ring of intelligence (left hand)
 S - a ring of willpower (right hand)
Wands
 A - a wand of paralysis (19)
 D - a wand of polymorph (2)
 I - a wand of digging (5)
Scrolls
 k - a scroll of brand weapon
 l - a scroll of magic mapping
 p - 2 scrolls of vulnerability {unknown}
 q - 3 scrolls of teleportation
 x - 2 scrolls of fog {unknown}
 y - 4 scrolls of enchant armour {unknown}
 C - 2 scrolls of amnesia {unknown}
 G - 2 scrolls of immolation {unknown}
 J - 2 scrolls of fear {unknown}
 M - 2 scrolls of poison {unknown}
 U - a scroll of enchant weapon {unknown}
Potions
 a - a potion of resistance {unknown}
 d - a potion of attraction
 g - 5 potions of lignification
 j - a potion of brilliance {unknown}
 r - a potion of berserk rage {unknown}
 t - 2 potions of might {unknown}
 v - 2 potions of curing
 w - a potion of heal wounds {unknown}
 E - 2 potions of degeneration {unknown}
 L - 2 potions of cancellation
 R - 2 potions of haste {unknown}
 T - a potion of ambrosia {unknown}


   Skills:
 + Level 3.7 Fighting
 - Level 1.7 Throwing
 + Level 3.6 Armour
 - Level 1.0 Stealth
 - Level 2.0 Shields
 + Level 3.6 Spellcasting
 - Level 4.0 Conjurations
 + Level 3.1 Translocations
 + Level 4.5 Fire Magic


You had 10 spell levels left.
You knew the following spells:

 Your Spells              Type           Power      Damage    Failure   Level
a - Foxfire               Conj/Fire      100%       2x1d9     3%          1
b - Volatile Blastmotes   Fire/Tloc      50%        2d14      14%         3

Your spell library contained the following spells:

 Spells                   Type           Power      Damage    Failure   Level
 Ignite Poison            Fire/Tmut/Pois 13%        N/A       34%         3
 Sticky Flame             Conj/Fire      28%        2d5       36%         4
 Summon Guardian Golem    Hex/Summ       4%         N/A       56%         3
 Orb of Destruction       Conj           13%        9d7       100%        7
 Spellforged Servitor     Conj/Summ      7%         N/A       100%        7
 Ignition                 Fire           14%        3d6       100%        8


Dungeon Overview and Level Annotations

Branches:
Dungeon (6/15)             Temple (1/1) D:4

Annotations:
D:3 1 runed translucent door, CInkIbrahim's ghost, amateur MiFi


Innate Abilities, Weirdness & Mutations

You have an increased reservoir of magic. (+10% MP)
You shall have no god before yourself.
Your divine heritage dramatically boosts your attributes as you level up.


Message History

The steam dragon breathes steam at you. The ball of steam hits you!
You are engulfed in a cloud of scalding steam.
The steam dragon bites you. The steam dragon claws you.
You hit the steam dragon.
The steam dragon is severely wounded.
You are engulfed in a cloud of scalding steam.
* * * LOW HITPOINT WARNING * * *
You block the steam dragon's attack.
The steam dragon claws you but does no damage.
The steam dragon bites you but does no damage.
The steam dragon claws you.
* * * LOW HITPOINT WARNING * * *
Casting: Volatile Blastmotes (dangerous; 14% risk of failure)
Confirm with . or Enter, or press ? or * to list all spells.
Okay, then.
The steam dragon breathes steam at you. The ball of steam misses you.
Casting: Volatile Blastmotes (dangerous; 14% risk of failure)
Confirm with . or Enter, or press ? or * to list all spells.
Okay, then.
You feel better.
You are engulfed in a cloud of scalding steam.
* * * LOW HITPOINT WARNING * * *
Casting: Volatile Blastmotes (dangerous; 14% risk of failure)
Confirm with . or Enter, or press ? or * to list all spells.
There's already a cloud here!
Your magical contamination has completely faded away.
Casting: Volatile Blastmotes (dangerous; 14% risk of failure)
Confirm with . or Enter, or press ? or * to list all spells.
A cloud of volatile blastmotes flares up around you!
You block the steam dragon's attack. x2
The steam dragon attacks as you move away!
The steam dragon bites you.
* * * LOW HITPOINT WARNING * * *
You block the steam dragon's attack.
The cloud of blastmotes explodes!
The concussive blast engulfs the steam dragon!
The steam dragon is almost dead.
The concussive blast engulfs you!!
You die...

#.# #. #.# #. ...
#. ..# #.#### .##
#...ยง# ####.# ###
#.# ... #D# # #.#
#@# #. #.# #.#
#.#.### #.# # #.#
#.....# #.# ## #.#
#.#.#.###.###. #.#
#.....)....... #.#
#.#.#.###..)..
#.###......)......
#.......##)####...
#######.......#
####


You could see a steam dragon.

Vanquished Creatures
  A water moccasin (D:5)
  A sky beast (D:5)
  An ice beast (Temple)
  2 black bears
  An orc warrior (D:6)
  A centaur (D:5)
  2 scorpions (D:5)
  A gnoll bouda (D:4)
  6 orc priests
  4 hounds
  Jessica (D:3)
  Natasha (thrice) (D:3)
  Ijyb (D:3)
  8 gnolls (D:4)
  5 adders
  3 dart slugs
  17 orcs
  12 bats
  5 endoplasms
  3 giant cockroaches (D:2)
  8 goblins
  11 hobgoblins
  3 jackals (D:3)
  2 quokkas
  11 ball pythons
  5 frilled lizards
  4 kobolds
  2 rats
124 creatures vanquished.

Vanquished Creatures (collateral kills)
  13 foxfires (D:4)
13 creatures vanquished.

Vanquished Creatures (others)
  448 foxfires
448 creatures vanquished.

Grand Total: 585 creatures vanquished

Notes
Turn   | Place    | Note
-------+----------+-------------------------------------------
     0 | D:1      | wingedge the Demigod Wanderer began the quest for the Orb.
     0 | D:1      | wingedge set off with the following items: a +0 dagger, 8
                  | poisoned darts, a +2 buckler, a potion of attraction, a +0
                  | robe; and the following spell memorised: Foxfire; and the
                  | following spells available to memorise: Volatile
                  | Blastmotes.
     0 | D:1      | Reached XP level 1. HP: 16/16 MP: 4/4
   220 | D:1      | Reached skill level 1 in Conjurations
   380 | D:1      | Reached XP level 2. HP: 23/23 MP: 2/5
  1338 | D:2      | Noticed a black bear
  1455 | D:2      | Reached XP level 3. HP: 26/28 MP: 6/6
  2396 | D:3      | Reached XP level 4. HP: 35/35 MP: 5/8
  2500 | D:3      | Noticed CInkIbrahim's ghost (amateur MiFi)
  2504 | D:3      | Found a runed translucent door.
  2824 | D:3      | Identified the +6 scale mail "Siekam" {rPois rCorr Str+3
                  | Dex-5}
  2917 | D:3      | Noticed Ijyb
  2928 | D:3      | Killed Ijyb
  3297 | D:3      | Reached XP level 5. HP: 39/40 MP: 8/10
  3341 | D:3      | Noticed Natasha
  3350 | D:3      | Killed Natasha
  3577 | D:3      | Noticed Jessica
  3582 | D:3      | Killed Jessica
  3734 | D:3      | Noticed Natasha
  3739 | D:3      | Killed Natasha
  3780 | D:3      | Noticed Natasha
  3790 | D:3      | Killed Natasha
  3982 | D:4      | Noticed a black bear
  3998 | D:4      | Killed a black bear
  3999 | D:4      | Reached XP level 6. HP: 47/48 MP: 0/12
  4042 | D:4      | Reached skill level 1 in Translocations
  4067 | D:4      | Identified the +4 ring mail of Surprise {Str+3}
  4209 | D:4      | Found a staircase to the Ecumenical Temple.
  4243 | Temple   | Entered the Ecumenical Temple
  4557 | D:4      | Learned a level 3 spell: Volatile Blastmotes
  4683 | D:4      | Reached XP level 7. HP: 56/56 MP: 7/14
  5168 | D:5      | Entered Level 5 of the Dungeon
  6034 | D:5      | Reached XP level 8. HP: 32/63 MP: 8/16
  6766 | D:6      | Killed themself with a badly aimed concussive blast

Illustrated notes

Levels and vault maps discovered:
D:1:      sevenhm_arrival_forest_fort_large_4, layout_basic,
          ebering_ecumenical_altar_webs
D:2:      layout_basic, minmay_worlds_worst_comb
D:3:      layout_rooms, mainiacjoe_overflow_24_doors, serial_curves,
          eino_curves_03, eino_curves_04, hellmonk_ghost_happy_afterlife,
          uniq_jessica, uniq_natasha, uniq_ijyb
D:4:      layout_basic, mainiacjoe_overflow_catwalk,
          mainiacjoe_overflow_catwalk_spiral, minmay_temple_entry_proselytizer,
          cheibrodos_gnoll_hut
D:5:      layout_rooms
D:6:      layout_loops_ring, hangedman_abyss_or_decor_stagger
Temple:   eino_wide_crystal_templ

Skill      XL: |  1  2  3  4  5  6  7  8 |
---------------+-------------------------+-----
Fire Magic     | 2 3 4 |  4.5
Conjurations   | 1 2 3 4 |  4.0
Shields        | 2 |  2.0
Spellcasting   | 2 3 |  3.6
Fighting       | 2 3 |  3.7
Armour         | 2 3 |  3.6
Translocations | 1 2 3 |  3.1
Throwing       | |  1.7
Stealth        | |  1.0

Action                     |  1- 3 |  4- 6 |  7- 9 || total
---------------------------+-------+-------+-------++-------
  Melee: Dagger            |     8 |       |       ||     8
         Whip              |    35 |    11 |       ||    46
         Short sword       |     4 |    39 |    16 ||    59
         Rapier            |     1 |       |       ||     1
         Falchion          |       |       |    14 ||    14
  Throw: Dart              |       |     2 |       ||     2
   Cast: Foxfire           |    61 |   137 |    63 ||   261
         Volatile Blastmot |       |       |    17 ||    17
    Use: Scroll            |     1 |       |     6 ||     7
         Potion            |       |       |     1 ||     1
   Stab: Sleeping          |     2 |       |       ||     2
 Armour: Robe              |    15 |    12 |       ||    27
         Ring mail         |       |    22 |    36 ||    58
  Dodge: Dodged            |    25 |    51 |    24 ||   100
  Block: Buckler           |    18 |    27 |    27 ||    72
